AoeStats
← perromelocoton

Arena

508499767Analyzed
1v1 RM · 8d ago on Sep 22, 2026· 37m 28s· 2 players
Game mode
Random Map
Map size
Tiny (2 player)
Population
200
Speed
Normal
Resources
Standard
Victory
Conquest
Starting age
Dark Age
Ending age
Imperial Age
RankedLock teamsTeams togetherTeam positionsShared explorationLock speedFull tech treeHidden civsTurbo modeCheats
Victory
Defeat
🇪🇸 Britons · Spain
862
+17
🇪🇸 Saxons · Spain
886
-17
perromelocoton
7:09 Loom
9:01 Feudal Age
10:54 Double-Bit Axe
11:42 Loom
15:12 Castle Age
15:21 Wheelbarrow
17:52 Fletching
20:05 Horse Collar
21:48 Bodkin Arrow
23:13 Heavy Plow
30:39 Imperial Age
31:20 Man-at-Arms
34:13 Long Swordsman
34:58 Scale Mail Armor
37:28 Forging
Nemesio
10:09 Feudal Age
11:16 Loom
14:23 Castle Age
18:53 Arson
19:57 Scale Mail Armor
20:27 Fletching
24:19 Stone Mining
26:44 Elite Skirmisher
29:24 Chain Mail Armor
29:24 Double-Bit Axe
Connection lost

Rejoining the realm…

Still unreachable

The connection could not be restored.

Session expired

The server has moved on; the page needs a fresh start.